Map: 居住空间站 - 天梯版 (虚空)

Players

iGXY (XY)

  • Race: Terran Terran
  • Spawn Location: 11:00

Namshar - Winner!

  • Race: Zerg Zerg
  • Spawn Location: 1:00

Event: WESG 2016 Finals

VOD

Have the link to the VOD?

Description

Time

  • Played on: Jan. 12, 2017, 6:01 a.m.
  • Length: 21:14

All games in this series

Show
View Real Time Build Order
Export as new Build Order

iGXY Terran 

Build Orders: Reaper Expand, Bio Tank 

Get SALT Encoding   

  12  0:00  SCV  
  13  0:12  SCV  
  14  0:17  Supply Depot  
  14  0:25  SCV  
  15  0:39  Barracks, SCV  
  16  0:45  Refinery  
  16  0:51  SCV  
  17  1:03  SCV  
  18  1:15  SCV  
  19  1:27  Reaper  
  19  1:28  Orbital Command  
  20  1:40  Command Center  
  20  1:50  Barracks  
  20  1:54  SCV  
  20  2:01  Barracks Reactor  
  21  2:04  Supply Depot  
  21  2:07  SCV  
  22  2:16  Refinery  
  22  2:19  SCV  
  23  2:30  Factory  
  23  2:32  SCV  
  24  2:40  Marine x2, Barracks Tech Lab  
  24  2:44  SCV  
  27  2:56  SCV  
  27  2:58  Marine x2, Orbital Command  
  30  3:03  Stimpack  
  30  3:08  SCV  
  32  3:15  Marine  
  32  3:16  Marine  
  32  3:17  Starport  
  33  3:20  SCV  
  33  3:22  Factory Reactor  
  33  3:25  Marine  
  35  3:27  SCV  
  35  3:32  SCV  
  37  3:34  Marine  
  37  3:35  Marine  
  37  3:40  SCV  
  40  3:43  Marine  
  40  3:44  SCV  
  42  3:49  Supply Depot  
  42  3:52  Marine x2, SCV  
  42  3:55  Supply Depot  
  45  3:56  SCV  
  46  4:11  SCV x2, Medivac x2  
  46  4:12  Marine  
  46  4:13  Marine, Supply Depot  
  46  4:16  Marine  
  55  4:20  Factory Tech Lab  
  55  4:23  SCV x2  
  57  4:28  Refinery  
  57  4:29  Marine, Engineering Bay  
  58  4:34  Marine  
  58  4:35  SCV x2  
  61  4:41  Supply Depot  
  61  4:47  Marine x2, SCV, Siege Tank  
  61  4:49  SCV  
  68  4:54  Marine  
  68  4:59  SCV  
  70  5:04  Combat Shields, Terran Infantry Weapons Level 1  
  70  5:05  SCV  
  71  5:07  Marine  
  71  5:10  Marine  
  71  5:12  Marine, SCV  
  74  5:25  Marine  
  74  5:26  Siege Tank  
  78  5:33  Supply Depot  
  78  5:35  Marine, SCV  
  78  5:39  SCV  
  78  5:40  Marine  
  76  5:42  Medivac  
  76  5:46  Refinery, Command Center  
  76  5:47  Marine, SCV  
  80  5:53  Marine  
  81  5:58  Marine, Siege Tank  
  81  6:01  SCV x2  
  87  6:05  Marine  
  87  6:08  Barracks  
  87  6:10  Marine  
  87  6:11  Bunker  
  89  6:13  SCV  
  89  6:15  Marine  
  89  6:16  Medivac  
  93  6:20  Medivac  
  93  6:24  Supply Depot  
  92  6:26  Marine, SCV  
  92  6:28  Marine  
  92  6:29  Liberator  
  88  6:33  Marine, SCV  
  88  6:34  Siege Tank  
  88  6:38  SCV  
  88  6:44  Marine  
  88  6:45  SCV  
  88  6:46  Marine  
  94  6:51  Marine  
  95  6:55  Armory  
  95  6:57  SCV  
  95  6:58  Terran Infantry Armor Level 1  
  96  7:01  Barracks  
  96  7:02  Marine  
  96  7:03  SCV  
  96  7:06  Bunker  
  99  7:10  Marine x2  
  99  7:12  Barracks Reactor, Barracks  
  99  7:13  Orbital Command  
  99  7:14  SCV  
  101  7:19  SCV  
  101  7:20  Marine  
  103  7:23  Siege Tank  
  103  7:28  Marine x2  
  103  7:29  Medivac  
  110  7:33  SCV  
  110  7:46  Marine x2, SCV  
  110  7:48  Marine x2  
  110  7:49  Marine  
  110  7:50  Barracks Reactor  
  116  7:54  Engineering Bay  
  116  8:00  Barracks Reactor, Supply Depot  
  116  8:02  Supply Depot, Siege Tank  
  116  8:04  Marine x2  
  119  8:06  Marine x2  
  119  8:07  Marine  
  119  8:08  SCV  
  119  8:11  Medivac  
  115  8:16  SCV  
  116  8:21  SCV  
  116  8:22  Marine x2  
  116  8:23  Terran Infantry Weapons Level 2  
  116  8:24  Marine x3  
  116  8:25  Orbital Command  
  122  8:28  SCV  
  122  8:33  SCV  
  124  8:36  Marine, Siege Tank  
  124  8:39  Marine x2  
  124  8:40  Marine x2, SCV  
  134  8:42  Marine  
  134  8:44  Medivac x2  
  134  8:45  SCV  
  139  8:48  Supply Depot  
  139  8:49  Supply Depot  
  125  9:10  Marine  
  125  9:11  Marine x2  
  125  9:15  Siege Tank  
  125  9:16  Marine x6  
  124  9:18  SCV x2  
  124  9:27  Marine  
  124  9:28  Marine x2  
  124  9:29  Liberator  
  124  9:30  SCV  
  124  9:31  SCV x2  
  108  9:33  Marine  
  108  9:34  Marine x5  
  109  9:40  Terran Infantry Armor Level 2  
  109  9:42  SCV  
  109  9:43  SCV  
  111  9:45  Marine  
  111  9:46  Marine x2  
  111  9:47  Siege Tank  
  111  9:51  Marine x3  
  111  9:52  Marine x2  
  125  9:55  Marine  
  125  9:58  SCV  
  127  10:00  SCV, Supply Depot  
  127  10:03  Marine  
  127  10:04  Marine x2  
  131  10:07  SCV  
  131  10:08  Supply Depot x3  
  131  10:09  Marine  
  131  10:11  SCV  
  131  10:12  Liberator x2  
  134  10:16  Marine x5  
  138  10:25  Marine x2  
  138  10:26  Marine  
  141  10:32  Marine  
  149  10:40  Marine  
  149  10:42  Marine x3, SCV  
  145  10:44  Marine x3  
  145  10:45  Marine  
  138  10:50  Marine  
  138  10:56  Liberator  
  138  10:58  Marine  
  138  11:00  Marine  
  138  11:01  Liberator, Siege Tank  
  138  11:16  SCV  
  145  11:34  Marine  
  145  11:35  Marine  
  145  11:36  Marine x2  
  137  11:47  Marine x4  
  137  11:48  SCV x2  
  143  11:54  Marine x2  
  143  11:55  Marine x2, Siege Tank  
  143  11:56  Marine  
  147  12:04  Marine x2  
  147  12:05  Marine x2  
  142  12:12  Marine x2, Liberator  
  142  12:13  Marine x3  
  140  12:18  Orbital Command  
  140  12:22  Marine x3  
  139  12:23  Marine, SCV  
  147  12:30  Marine x2  
  147  12:36  Marine  
  149  12:38  Marine  
  149  12:41  Refinery, Liberator  
  149  12:42  Refinery  
  149  12:53  Supply Depot  
  149  12:54  Marine x3  
  149  12:55  Marine  
  149  12:57  Liberator, Siege Tank  
  149  13:03  Refinery  
  149  13:04  Refinery  
  149  13:09  Command Center  
  149  13:14  Marine x4, SCV  
  149  13:15  SCV  
  149  13:18  Marine x3  
  161  13:28  Marine x2  
  161  13:31  Missile Turret  
  161  13:32  Command Center  
  163  13:35  Missile Turret  
  163  13:41  Siege Tank  
  163  13:49  Barracks  
  163  13:51  Barracks  
  163  13:52  Barracks  
  163  13:54  Terran Infantry Weapons Level 3  
  156  14:23  Marine x2  
  156  14:24  Marine x2, Factory Reactor, Starport  
  159  14:25  Orbital Command  
  160  14:39  Terran Ship Weapons Level 1  
  160  14:41  SCV  
  161  14:53  SCV  
  161  14:56  Liberator x2  
  159  15:05  Barracks Tech Lab, SCV  
  159  15:06  Barracks Tech Lab  
  160  15:07  Liberator x2  
  160  15:09  Terran Infantry Armor Level 3  
  153  15:22  Marine x3, Barracks Tech Lab  
  153  15:23  Marine x4  
  155  15:36  Marine x2  
  155  15:39  Liberator x2  
  155  15:40  Marine x5  
  159  15:48  Ghost Academy  
  153  15:53  Barracks Tech Lab  
  153  15:55  Liberator  
  153  15:56  Command Center  
  159  15:58  Command Center  
  159  15:59  Marauder x2  
  159  16:00  Marauder x2, Marine  
  153  16:18  Orbital Command  
  153  16:20  Marauder  
  153  16:21  Marauder  
  156  16:27  Ghost  
  158  16:37  Ghost x2  
  162  16:41  Ghost  
  162  16:46  Ghost  
  166  16:51  SCV, Missile Turret  
  166  16:52  SCV x2, Missile Turret  
  169  16:57  Planetary Fortress  
  158  17:14  Ghost x2  
  158  17:15  Ghost  
  160  17:21  Refinery  
  151  17:27  Ghost  
  153  17:49  Orbital Command  
  140  17:52  Ghost x3  
  140  17:53  Marauder  
  140  17:56  Marine  
  142  18:16  Sensor Tower  
  142  18:18  Missile Turret  
  142  18:30  Ghost x2  
  146  18:40  Ghost x2  
  150  18:49  Planetary Fortress  
  150  18:50  Refinery  
  150  18:51  Refinery  
  142  19:03  Ghost, Orbital Command  
  142  19:04  Ghost x2  
  141  19:10  Missile Turret  
  141  19:14  Ghost x2  
  141  19:16  SCV x3  
  145  19:28  SCV  
  146  19:32  Ghost x2  
  144  19:43  Ghost  
  128  19:49  Ghost  
  121  19:54  Marine  
  121  19:57  Ghost  
  121  19:58  Marine x5  
  126  20:01  Marine x2  
  128  20:12  Marine  
  130  20:18  Ghost  
  132  20:24  Unknown x7  
  132  20:27  Viking  
  125  20:37  Ghost  
  125  20:40  Viking  
Show
View Real Time Build Order
Export as new Build Order

Namshar Zerg - Winner!

Build Orders: Hatch First 

Get SALT Encoding   

  12  0:00  Drone  
  13  0:12  Overlord  
  13  0:17  Drone  
  14  0:31  Drone x2  
  14  0:35  Drone  
  17  0:52  Hatchery  
  17  0:54  Drone  
  17  0:57  Drone  
  18  1:08  Extractor  
  17  1:12  Spawning Pool  
  17  1:15  Drone  
  18  1:18  Drone  
  18  1:28  Drone  
  19  1:38  Overlord  
  19  1:49  Drone  
  20  1:58  Queen  
  20  2:00  Zergling x2  
  23  2:04  Queen, Zergling x2  
  23  2:07  Metabolic Boost  
  26  2:11  Drone  
  26  2:15  Drone  
  28  2:21  Overlord  
  28  2:29  Drone  
  29  2:34  Queen  
  29  2:35  Drone  
  32  2:39  Drone  
  33  2:45  Drone  
  34  2:51  Overlord  
  34  2:54  Drone  
  34  2:58  Drone  
  36  3:06  Drone  
  36  3:09  Drone  
  36  3:10  Drone x3  
  36  3:12  Drone x2  
  43  3:13  Drone  
  43  3:18  Drone  
  45  3:27  Drone  
  46  3:34  Hatchery  
  46  3:40  Queen x2  
  49  3:41  Overlord  
  49  3:48  Overlord  
  49  3:50  Overlord  
  49  3:53  Drone x3  
  52  4:02  Evolution Chamber  
  51  4:03  Drone x2  
  51  4:04  Evolution Chamber  
  51  4:06  Extractor  
  51  4:08  Drone  
  51  4:09  Drone x2  
  54  4:14  Overlord  
  54  4:16  Queen  
  54  4:17  Queen  
  58  4:29  Drone x2  
  58  4:30  Zergling x12  
  66  4:34  Zerg Melee Weapons Level 1  
  66  4:38  Zerg Ground Armor Level 1  
  66  4:47  Zergling x6  
  66  4:51  Queen  
  71  4:54  Zergling x4  
  73  5:03  Overlord x2  
  73  5:05  Drone, Lair  
  74  5:07  Drone x2  
  74  5:08  Baneling Nest  
  73  5:14  Zergling x8  
  73  5:16  Zergling x2  
  77  5:23  Zergling x6  
  77  5:24  Zergling x2  
  81  5:31  Zergling x6  
  80  5:37  Zergling x2  
  80  5:38  Zergling x6  
  79  5:44  Queen  
  79  5:45  Drone x2  
  79  5:46  Drone  
  79  5:48  Drone  
  79  5:49  Drone  
  86  5:54  Drone  
  87  6:00  Overlord  
  87  6:02  Drone  
  88  6:05  Overlord  
  88  6:08  Drone  
  88  6:09  Zergling x4  
  88  6:10  Zergling x2  
  89  6:19  Hatchery, Zergling x10  
  91  6:28  Zergling x4  
  78  6:36  Zergling x2  
  78  6:37  Zergling x16  
  78  6:39  Queen  
  78  6:41  Queen  
  78  6:43  Queen  
  78  6:45  Zergling x4  
  84  6:49  Zerg Ground Armor Level 2, Zerg Melee Weapons Level 2  
  84  6:50  Centrifical Hooks  
  84  7:00  Zergling x8  
  88  7:04  Baneling x2  
  88  7:07  Baneling x2, Zergling x2  
  88  7:08  Zergling x2  
  90  7:10  Zergling x4  
  90  7:11  Zergling x2  
  93  7:18  Zergling x2  
  93  7:19  Zergling x10  
  93  7:21  Baneling  
  93  7:22  Baneling x4  
  97  7:28  Zergling x6  
  100  7:34  Drone x2  
  101  7:45  Hatchery, Zergling x2  
  101  7:46  Zergling x4  
  101  7:47  Baneling  
  101  7:48  Baneling x4  
  102  7:52  Overlord  
  100  8:08  Drone  
  100  8:11  Zergling x18  
  110  8:20  Overlord x2  
  110  8:24  Extractor  
  110  8:26  Drone  
  109  8:27  Extractor  
  109  8:28  Drone x3  
  109  8:33  Drone x4, Overlord x2  
  115  8:37  Drone  
  115  8:38  Baneling, Infestation Pit  
  115  8:39  Baneling x6, Zergling x2  
  116  8:47  Zergling x8  
  120  8:51  Overlord x2  
  120  8:53  Overseer  
  120  8:54  Drone  
  120  8:55  Hatchery  
  120  8:58  Zergling x8  
  120  8:59  Zergling x2  
  109  9:10  Zergling x12  
  109  9:15  Zergling x2  
  109  9:16  Zergling x4  
  105  9:28  Zergling x2  
  105  9:29  Zergling x12  
  101  9:35  Zergling x10  
  103  9:39  Hive  
  103  9:49  Zergling x2  
  103  9:50  Zergling x16  
  103  9:52  Baneling x4  
  110  9:53  Baneling x7  
  110  9:54  Zergling x4  
  110  9:59  Drone  
  111  10:01  Queen  
  111  10:04  Zergling x4  
  115  10:11  Overlord  
  115  10:12  Overseer  
  115  10:13  Zergling x2  
  115  10:14  Zergling x12  
  122  10:19  Zergling x4  
  122  10:20  Zergling x6  
  125  10:29  Overlord x2  
  125  10:30  Zergling x4  
  127  10:37  Zergling x12  
  118  10:55  Zergling x2  
  118  10:56  Zergling x26  
  116  11:12  Zerg Ground Armor Level 3, Adrenal Glands, Zerg Melee Weapons Level 3  
  116  11:14  Drone  
  116  11:15  Ultralisk Cavern  
  116  11:16  Zergling x26  
  116  11:17  Baneling  
  116  11:18  Baneling x7  
  129  11:27  Queen  
  127  11:35  Queen  
  127  11:36  Zergling x20  
  132  11:42  Spire  
  132  11:45  Zergling x2  
  132  11:46  Zergling x16  
  140  11:53  Baneling  
  140  11:54  Baneling x9  
  129  12:14  Queen  
  125  12:17  Queen  
  124  12:23  Chitinous Plating  
  124  12:24  Ultralisk  
  126  12:47  Hatchery  
  119  13:01  Corruptor x3  
  119  13:02  Corruptor  
  127  13:06  Drone x3  
  127  13:07  Drone x2  
  138  13:27  Ultralisk, Queen  
  140  13:49  Queen  
  140  13:52  Hatchery  
  141  13:59  Drone, Extractor  
  141  14:02  Ultralisk x2  
  153  14:12  Corruptor x2  
  157  14:21  Corruptor  
  159  14:37  Drone  
  160  14:39  Drone x3, Extractor  
  160  14:41  Corruptor x2  
  160  14:43  Drone x2  
  166  15:00  Greater Spire  
  166  15:03  Drone x3  
  166  15:04  Drone x2  
  171  15:15  Ultralisk  
  171  15:17  Extractor  
  171  15:20  Drone x2  
  170  15:35  Corruptor  
  170  15:36  Corruptor x2  
  170  15:42  Drone  
  177  15:48  Ultralisk, Zergling x2  
  177  15:49  Zergling x28  
  198  15:53  Hatchery  
  197  16:00  Baneling  
  197  16:01  Baneling x6  
  196  16:08  Corruptor  
  183  16:38  Corruptor  
  183  16:39  Corruptor x3  
  191  16:45  Extractor  
  190  16:47  Drone  
  190  16:48  Drone x2  
  190  16:49  Drone  
  190  16:50  Drone, Extractor  
  190  16:52  Extractor  
  190  16:53  Drone  
  190  16:54  Drone x2  
  196  16:55  Corruptor x2  
  200  17:20  Spore Crawler  
  200  17:21  Spore Crawler  
  196  17:23  Zerg Flyer Weapons Level 1  
  196  17:25  Queen  
  200  17:30  Brood Lord  
  200  17:37  Hatchery  
  200  17:40  Hatchery  
  187  18:03  Hatchery, Extractor  
  187  18:04  Extractor  
  187  18:05  Spore Crawler  
  183  18:11  Zerg Missile Weapons Level 1  
  183  18:22  Brood Lord x6  
  183  18:26  Spore Crawler  
  194  18:29  Brood Lord  
  196  18:37  Corruptor x2  
  197  18:58  Spore Crawler x2  
  197  18:59  Spore Crawler  
  197  19:00  Spore Crawler  
  197  19:01  Spore Crawler  
  181  19:09  Brood Lord x2  
  180  19:10  Corruptor x2  
  180  19:11  Corruptor  
  181  19:25  Corruptor  
  181  19:26  Corruptor x2  
  155  19:46  Corruptor x4  
  160  19:55  Corruptor x2  
  160  19:57  Queen x4  
  167  20:08  Drone x7  
  167  20:09  Drone  
  167  20:10  Drone x3  
  167  20:11  Drone x2  
  167  20:12  Drone  
  181  20:17  Brood Lord x2  
  185  20:22  Brood Lord  
  185  20:24  Brood Lord  
  189  20:29  Brood Lord  
  189  20:35  Zergling x4  
  191  20:37  Drone x3  
  187  20:42  Brood Lord  
  187  20:46  Drone  
Tags
 
Add a new tag
Caveats
  • Supply blocks, unpowered buildings, or Contaminate may cause inaccurate times.
  • Supply counts are checked every 10 seconds.